 Dungeon Crawl Stone Soup version 0.31-a0-233-g139696dc86 (webtiles) character file.

Game seed: 15734050054285515968

46 Tocho the Conjurer (level 3, -2/19 (29) HPs)
             Began as a Human Reaver on July 9, 2023.
             Slain by Crazy Yiuf
             ... wielding a +2 quarterstaff of chaos
              (9 damage)
             ... on level 2 of the Dungeon.
             The game lasted 00:02:43 (1966 turns).

Tocho the Conjurer (Human Reaver)                   Turns: 1966, Time: 00:02:45

HP:   -2/19 (29)    AC:  5    Str: 14    XL:     3   Next: 95%
MP:   3/6           EV: 11    Int: 13    God:
Gold: 113           SH:  0    Dex: 11    Spells: 5/6 levels left

rFire   + . .        a - +0 falchion
rCold   + . .        (no shield)
rNeg    . . .        b - +0 leather armour
rPois   +            (no helmet)
rElec   +            d - +0 cloak
rCorr   +            (no gloves)
SInv    .            l - +0 pair of boots
Will    .....        (no amulet)
Stlth   +            (no ring)
HPRegen 0.23/turn    (no ring)
MPRegen 0.10/turn

%: no passive effects
@: resistant, very slightly contaminated, very heavily drained
A: robust 1, MP-powered wands
a: no special abilities


You were on level 2 of the Dungeon.
You visited 1 branch of the dungeon, and saw 2 of its levels.

You collected 113 gold pieces.

Inventory:

Hand Weapons
 a - a +0 falchion (weapon)
Armour
 b - a +0 leather armour (worn)
 d - a +0 cloak (worn)
 l - a +0 pair of boots (worn)
Magical Staves
 g - a staff of earth
Jewellery
 e - a +6 ring of intelligence
Scrolls
 c - a scroll of teleportation
 f - a scroll of blinking {unknown}
 i - a scroll of immolation
 j - a scroll of silence {unknown}
 k - 2 scrolls of identify
Potions
 h - a potion of cancellation {unknown}


   Skills:
 + Level 2.1 Fighting
 + Level 3.3 Long Blades
 + Level 1.2 Armour
 + Level 2.2 Dodging
 + Level 0.1 Stealth
 + Level 2.1 Spellcasting
 + Level 3.6 Conjurations


You had 5 spell levels left.
You knew the following spells:

 Your Spells              Type           Power      Damage    Failure   Level
a - Kiss of Death         Conj/Necr      24%        2d7       14%         1

Your spell library contained the following spells:

 Spells                   Type           Power      Damage    Failure   Level
 Momentum Strike          Conj/Tloc      12%        3d8       22%         2
 Hailstorm                Conj/Ice       6%         3d4       41%         3


Dungeon Overview and Level Annotations

Branches:
Dungeon (2/15)

Altars:
Elyvilon

Annotations:
D:2 Crazy Yiuf


Innate Abilities, Weirdness & Mutations

You are robust. (+10% HP)
You expend magic power (3 MP) to strengthen your wands.


Message History

No target in view!
Key pressed, stopping explore.
No target in view!
You see here a +0 pair of boots.
l - a +0 pair of boots You start putting on your armour.
You continue putting on your +0 pair of boots. x4
You finish putting on your +0 pair of boots.
You start putting on your armour.
You continue putting on your +0 cloak. x4
You finish putting on your +0 cloak.
Crazy Yiuf shouts!
Crazy Yiuf laughs, "Rot foot sanguine!"
You open the door.
Casting: Kiss of Death (safe; 14% risk of failure)
Confirm with . or Enter, or press ? or * to list all spells.
Aiming: Kiss of Death (safe; 14% risk of failure)
Press: ? - help, Shift-Dir - straight line, f - Crazy Yiuf
Aim: Crazy Yiuf, wielding a +2 quarterstaff of chaos and wearing a +0 cloak of willpower (100% to hit)
The negative energy hits Crazy Yiuf.
Crazy Yiuf is drained!
Crazy Yiuf is moderately wounded.
You feel drained.
Crazy Yiuf hits you with a +2 quarterstaff of chaos!
Ouch! That really hurt!
You feel protected.
Casting: Kiss of Death (safe; 14% risk of failure)
Confirm with . or Enter, or press ? or * to list all spells.
Aiming: Kiss of Death (safe; 14% risk of failure)
Press: ? - help, Shift-Dir - straight line, f/p - Crazy Yiuf
Aim: Crazy Yiuf, wielding a +2 quarterstaff of chaos and wearing a +0 cloak of willpower (moderately wounded, heavily drained, 100% to hit)
You miscast Kiss of Death.
You are very lightly contaminated with residual magic.
Nothing appears to happen.
Crazy Yiuf barely misses you.
Casting: Kiss of Death (safe; 14% risk of failure)
Confirm with . or Enter, or press ? or * to list all spells.
Aiming: Kiss of Death (safe; 14% risk of failure)
Press: ? - help, Shift-Dir - straight line, f/p - Crazy Yiuf
Aim: Crazy Yiuf, wielding a +2 quarterstaff of chaos and wearing a +0 cloak of willpower (moderately wounded, heavily drained, 100% to hit)
You miscast Kiss of Death.
Nothing appears to happen.
Crazy Yiuf hits you with a +2 quarterstaff of chaos!
You die...

#...######....#
##.### #....#
##..# ♣..P.♣
#..## ♣.PP♣♣
#.## ♣♣.♣♣ #.#
♣.♣♣ #.# ♣♣.♣
#.# ♣.♣♣ #.#
♣♣@♣ #.# #g#
#.# ... ###.#
#...# ....###
#### #..)#
#####
###...###..#
##### ####...#
###......#
#......#
#####..##
########......#
####..#
#.............#


You could see Crazy Yiuf (very drained).

Vanquished Creatures
  4 dart slugs
  3 ball pythons
  4 endoplasms
  A giant cockroach (D:1)
  5 goblins
  3 hobgoblins
  3 kobolds
  A quokka (D:2)
  4 bats (D:1)
  4 frilled lizards
  5 rats (D:1)
37 creatures vanquished.

Notes
Turn   | Place    | Note
-------+----------+-------------------------------------------
     0 | D:1      | Tocho the Human Reaver began the quest for the Orb.
     0 | D:1      | Reached XP level 1. HP: 16/16 MP: 3/3
   220 | D:1      | Reached XP level 2. HP: 16/22 MP: 5/5
   521 | D:1      | Reached XP level 3. HP: 17/27 MP: 6/6
   972 | D:1      | Gained mutation: You are weak. (Str -2) [potion of
                  | mutation]
   972 | D:1      | Gained mutation: You have a pair of small antennae on your
                  | head. [potion of mutation]
   973 | D:1      | Lost mutation: You are weak. (Str -2) [potion of mutation]
   973 | D:1      | Lost mutation: You have a pair of small antennae on your
                  | head. [potion of mutation]
   973 | D:1      | Gained mutation: You are robust. (+10% HP) [potion of
                  | mutation]
   973 | D:1      | Gained mutation: You expend magic power (3 MP) to
                  | strengthen your wands. [potion of mutation]
  1028 | D:2      | Reached skill level 1 in Armour
  1233 | D:2      | Found a runed translucent door.
  1234 | D:2      | Noticed Crazy Yiuf
  1362 | D:2      | HP: 1/24 [poisoned by a goblin]
  1515 | D:2      | Found a white marble altar of Elyvilon.
  1966 | D:2      | Slain by Crazy Yiuf

Illustrated notes

Levels and vault maps discovered:
D:1:      enne_arrival_octagon_isle, layout_loops_corners, minmay_misc_feat_five
D:2:      layout_rooms, basic_altar, minmay_box_of_dots, uniq_crazy_yiuf_cottage

Skill      XL: |  1  2  3 |
---------------+----------+-----
Armour         | 1 |  1.2
Fighting       | |  2.1
Long Blades    | |  3.3
Dodging        | |  2.2
Stealth        | |  0.1
Spellcasting   | |  2.1
Conjurations   | |  3.6

Action                     || total
---------------------------++-------
  Melee: Falchion          ||   133
         Punch             ||     3
   Cast: Kiss of Death     ||     2
    Use: Scroll            ||     4
         Potion            ||     3
 Armour: Leather armour    ||    48
  Dodge: Dodged            ||    93

Table legend: (Time is in decaauts)
 A = Elapsed time spent in this place.
 B = Non-inter-level travel time spent in this place.
 C = Inter-level travel time spent in this place.
 D = Time resting spent in this place.
 E = Time spent auto-exploring this place.
 F = Levels seen in this place.
 G = Mean time per level.
                   A        B        C        D        E       F      G
               +--------+--------+--------+--------+--------+-----+--------+
         Total |   1984 |   1756 |    228 |      0 |   1473 |   2 |  992.0 |
       Dungeon |   1984 |   1756 |    228 |      0 |   1473 |   2 |  992.0 |
               +--------+--------+--------+--------+--------+-----+--------+

Top non-repeatable levels by time:
     D:1: 999 daAuts
     D:2: 985 daAuts
